 Dungeon Crawl Stone Soup version 0.19-a0-1071-g4ed3155 (webtiles) character file.

1682 poirepourri the Chopper (level 8, -2/76 HPs)
             Began as a Deep Dwarf Fighter on Aug 5, 2016.
             Was an Initiate of Makhleb.
             Slain by a red ugly thing (15 damage)
             ... on level 7 of the Dungeon.
             The game lasted 00:06:48 (4960 turns).

poirepourri the Chopper (Deep Dwarf Fighter)        Turns: 4960, Time: 00:06:49

Health: -2/76      AC: 10    Str: 22    XL:     8   Next: 71%
Magic:  7/7        EV: 11    Int:  9    God:    Makhleb [......]
Gold:   414        SH:  9    Dex: 12    Spells: 0 memorised, 7 levels left

rFire  . . .     SeeInvis .     a - +1 war axe
rCold  . . .     Gourm    .     b - +0 scale mail
rNeg   . . .     Faith    .     c - +0 shield
rPois  .         Spirit   .     (no helmet)
rElec  .         Dismiss  .     w - +1 cloak
rCorr  +         Reflect  .     (no gloves)
SustAt .         Harm     .     x - +0 pair of boots
MR     +....                    (no amulet)
Stlth  +.........               (no ring)
                                g - ring of resist corrosion

@: non-regenerating
A: damage resistance, recharge devices, sense surroundings 1, slow regeneration
3
a: Device Recharging, Renounce Religion


You were on level 7 of the Dungeon.
You worshipped Makhleb.
Makhleb was noncommittal.
You were full.

You visited 2 branches of the dungeon, and saw 8 of its levels.

You collected 414 gold pieces.

Inventory:

Hand Weapons
 a - a +1 war axe (weapon)
 G - a +0 hand crossbow
Armour
 b - a +0 scale mail (worn)
 c - a +0 shield (worn)
 w - a +1 cloak (worn)
 x - a +0 pair of boots (worn)
Jewellery
 g - a ring of resist corrosion (left hand)
 h - an uncursed amulet of magic regeneration
 i - the amulet of Atsoqu Onus {Regen+ Str+4 Stlth+, unknown}
   (You found it on level 5 of the Dungeon)

   [amulet of regeneration]

   It affects your strength (+4).
   It increases your rate of regeneration.
   It makes you more stealthy.
 m - a cursed ring of loudness
 C - an uncursed ring of see invisible {unknown}
 D - an uncursed amulet of the gourmand {unknown}
Wands
 e - a wand of heal wounds (3/9)
 t - a wand of random effects (17/48)
Scrolls
 f - a scroll of fear
 k - 3 scrolls of teleportation
 n - a scroll of magic mapping
 A - 2 scrolls of fog
 F - a scroll of amnesia
Potions
 d - a potion of might
 j - 2 potions of curing
 l - 2 potions of agility {unknown}
 o - a potion of mutation {unknown}
 p - a potion of haste {unknown}
 q - a potion of brilliance {unknown}
 s - 2 potions of cancellation {unknown}
 u - 2 potions of flight {unknown}
 H - a potion of degeneration {unknown}
Books
 y - a Young Poisoner's Handbook

   Spells                             Type                      Level
   a - Sting                          Conjuration/Poison           1
   b - Mephitic Cloud                 Conjuration/Poison/Air       3
   c - Olgreb's Toxic Radiance        Poison                       4
   d - Alistair's Intoxication        Transmutation/Poison         5
   e - Venom Bolt                     Conjuration/Poison           5
Comestibles
 r - 2 fruits
 v - 2 meat rations
 z - a bread ration
 B - a slice of pizza
 E - a royal jelly


   Skills:
 + Level 5.8 Fighting
 + Level 7.6 Axes
 - Level 3.2 Armour
 + Level 6.8 Dodging
 + Level 2.2 Stealth
 - Level 3.2 Shields
 + Level 1.5 Evocations


You had 7 spell levels left.
You didn't know any spells.

Dungeon Overview and Level Annotations

Branches:
Dungeon (7/15)             Temple (1/1) D:7

Altars:
Ashenzari
Cheibriados
Dithmenos
Elyvilon
Fedhas
Gozag
Hepliaklqana
Kikubaaqudgha
Makhleb
Nemelex Xobeh
Okawaru
Pakellas
Qazlal
Ru
Sif Muna
Trog
Uskayaw
Vehumet
Xom
Yredelemnul
Zin
The Shining One

Portals:
Ossuary: D:5


Innate Abilities, Weirdness & Mutations

You are resistant to damage.
You can recharge devices by infusing magical energy.
You passively map a small area around you.
You do not regenerate naturally.


Message History

The red ugly thing is heavily wounded.
The red ugly thing misses you.
Charge which item? (? for menu, Esc to quit)
Your wand of heal wounds (0/9) glows for a moment and now has 4 charges.
The red ugly thing barely misses you.
Evoke which item? (* to show all) (? for menu, Esc to quit)
Zapping:
e - a wand of heal wounds (4/9)
Press: ? - help, Shift-Dir - straight line, f - you You feel much better.
This wand has 3 charges left.
The red ugly thing tail-slaps you!
You are engulfed in flames!!
* * * LOW HITPOINT WARNING * * *
You slash the red ugly thing!
The red ugly thing is heavily wounded.
You block the red ugly thing's attack.
You hit the red ugly thing but do no damage.
The red ugly thing is heavily wounded.
The red ugly thing tail-slaps you.
* * * LOW HITPOINT WARNING * * *
You are engulfed in flames!
You die...

#.................)...#
#....................^#
#.....................#
#.....................###
#.....................##.
#.....................##.
#.....................##.
#.......u.............##.
#...[...@(......, , *#.
#............... , #.
#..............., ,,, #.
#............... *#.
............... ,,, *#.
............... , #.
............... , #.
............... , #. , ,
, , #.


You could see a red ugly thing.

Vanquished Creatures
  A hippogriff (D:5)
  Menkaure (D:5)
  2 orc warriors
  A wasp (D:7)
  An ice beast (D:5)
  A phantom (D:4)
  2 sky beasts
  A giant frog (D:5)
  A howler monkey (D:5)
  3 crimson imps
  3 hounds
  3 orc priests
  Crazy Yiuf (D:3)
  Jessica (D:3)
  2 orc wizards (D:7)
  7 worker ants
  9 adders
  A shadow imp (D:5)
  An adder zombie (D:7)
  A worm (D:3)
  2 giant geckos
  8 orcs
  A ball python (D:4)
  4 bats
  3 giant cockroaches
  4 goblins
  7 hobgoblins
  2 jackals (D:3)
  11 kobolds
  3 quokkas (D:5)
  A giant cockroach zombie (D:5)
  A giant gecko skeleton (D:5)
  7 giant newts
  8 rats
  A spectral orc (D:2)
106 creatures vanquished.

Notes
Turn   | Place    | Note
-------+----------+-------------------------------------------
     0 | D:1      | poirepourri the Deep Dwarf Fighter began the quest for the Orb.
     0 | D:1      | Reached XP level 1. HP: 20/20 MP: 1/1
   247 | D:1      | Reached XP level 2. HP: 26/28 MP: 2/2
   715 | D:2      | Reached XP level 3. HP: 26/34 MP: 3/3
   823 | D:2      | Found a stormy altar of Qazlal.
   862 | D:2      | Reached skill level 1 in Dodging
   945 | D:2      | Reached skill level 3 in Axes
   972 | D:2      | Found a basalt altar of Yredelemnul.
  1364 | D:3      | Found a hazy altar of Hepliaklqana.
  1550 | D:3      | Found a runed door.
  1650 | D:3      | Noticed Jessica
  1656 | D:3      | Killed Jessica
  1656 | D:3      | Reached XP level 4. HP: 30/43 MP: 4/4
  1786 | D:3      | Found a shadowy altar of Dithmenos.
  2412 | D:3      | Noticed Crazy Yiuf
  2423 | D:3      | Killed Crazy Yiuf
  2423 | D:3      | Reached skill level 4 in Axes
  2423 | D:3      | Reached skill level 1 in Stealth
  2423 | D:3      | Reached XP level 5. HP: 36/50 MP: 5/5
  3064 | D:4      | Noticed a phantom
  3089 | D:4      | Killed a phantom
  3089 | D:4      | Reached XP level 6. HP: 44/57 MP: 6/6
  3271 | D:5      | Entered Level 5 of the Dungeon
  3333 | D:5      | Noticed an ice beast
  3347 | D:5      | Reached skill level 5 in Axes
  3350 | D:5      | Killed an ice beast
  3350 | D:5      | Reached skill level 1 in Evocations
  3350 | D:5      | Reached XP level 7. HP: 65/66 MP: 7/7
  3494 | D:5      | Noticed a hippogriff
  3508 | D:5      | Killed a hippogriff
  3508 | D:5      | Reached skill level 5 in Fighting
  3528 | D:5      | Got a smoking brass amulet
  3541 | D:5      | Reached skill level 6 in Axes
  3615 | D:5      | Found a glowing silver altar of Zin.
  3619 | D:5      | Noticed Menkaure
  3633 | D:5      | Killed Menkaure
  3675 | D:5      | Found a sand-covered staircase.
  3817 | D:6      | Reached skill level 5 in Dodging
  3817 | D:6      | Reached XP level 8. HP: 64/75 MP: 9/9
  3860 | D:6      | Found a bloodstained altar of Trog.
  3898 | D:6      | Found a sparkling altar of Nemelex Xobeh.
  3960 | D:6      | Found an opulent altar of Gozag.
  4082 | D:6      | Found a blossoming altar of Fedhas.
  4419 | D:7      | Reached skill level 7 in Axes
  4425 | D:7      | Found a staircase to the Ecumenical Temple.
  4454 | Temple   | Entered the Ecumenical Temple
  4531 | Temple   | Became a worshipper of Makhleb the Destroyer
  4938 | D:7      | Noticed a red ugly thing
  4960 | D:7      | Slain by a red ugly thing

Vault maps used:
D:1:      matt_arrival_refuge
D:2:      lemuel_doored_altar, yredelemnul_forgotten_temple_becter
D:3:      lemuel_crystal_altar, grunt_dithmenos_smoke, first_bread, hex_medium,
          uniq_jessica, uniq_crazy_yiuf_cottage
D:4:      wad_pebble_path
D:5:      overflow_temple_1_default, chequers_ossuary_entry_cave, uniq_menkaure
D:6:      nemelex_xobeh_ov_fountains_minmay,
          nicolae_gozag_cash_rules_everything_around_me, old_standard_altar,
          trog_book
D:7:      the_bakery
Temple:   dshaligram_water_room_temple

Skill      XL: |  1  2  3  4  5  6  7  8 |
---------------+-------------------------+-----
Fighting       | 3 4 5 |  5.8
Dodging        | 1 2 3 4 5 6 |  6.8
Axes           | 3 4 5 6 7 |  7.6
Stealth        | 1 2 |  2.2
Evocations     | 1 |  1.5
Armour         | |  3.2
Shields        | |  3.2

Action                   |  1- 3 |  4- 6 |  7- 9 || total
-------------------------+-------+-------+-------++-------
Melee: War axe           |   133 |   111 |   202 ||   446
 Abil: Device Recharging |       |       |     2 ||     2
Evoke: Wand              |     1 |     4 |    10 ||    15
  Use: Scroll            |    10 |     5 |     2 ||    17
       Potion            |       |       |     1 ||     1
  Eat: Bread ration      |     1 |     1 |       ||     2
       Beef jerky        |       |     2 |       ||     2
       Fruit             |       |     1 |     1 ||     2
       Meat ration       |       |       |     1 ||     1
Armor: Scale mail        |    56 |    51 |    87 ||   194
Dodge: Dodged            |    44 |    45 |    90 ||   179
Block: Shield            |    65 |    62 |    94 ||   221
